 Dungeon Crawl Stone Soup version 0.32-a0-640-gc5db3fc80f (webtiles) character file.

Game seed: 5282210530547755005

25 mopl the Sneak (level 3, 0/16 HPs)
             Began as a Vine Stalker Enchanter on Mar 7, 2024.
             Slain by an adder (1 damage)
             ... on level 2 of the Dungeon.
             The game lasted 00:01:05 (622 turns).

mopl the Sneak (Vine Stalker Enchanter)              Turns: 622, Time: 00:01:06

Health: 0/16       AC:  2    Str: 10    XL:     3   Next: 4%
Magic:  0/8        EV: 12    Int: 17    God:
Gold:   75         SH:  0    Dex: 14    Spells: 2/7 levels left

rFire   . . .        a - +3 dagger
rCold   + . .        (no shield)
rNeg    . . .        b - +0 robe
rPois   .            (no helmet)
rElec   .            (no cloak)
rCorr   .            (no gloves)
SInv    .            (no boots)
Will    .....        (no amulet)
Stlth   +++          l - ring of protection from cold
HPRegen 1.02/turn    (no ring)
MPRegen 0.11/turn

%: guardian spirit
@: lethally poisoned (0 -> 0)
A: fangs 2, regeneration 1, magic shield, antimagic bite, no potion heal 2
a: no special abilities


You were on level 2 of the Dungeon.
You visited 1 branch of the dungeon, and saw 2 of its levels.

You collected 75 gold pieces.

Inventory:

Hand Weapons
 a - a +3 dagger (weapon)
Missiles
 g - 5 poisoned darts
 k - 2 javelins
Armour
 b - a +0 robe (worn)
Jewellery
 l - a ring of protection from cold (left hand)
Scrolls
 f - a scroll of teleportation {unknown}
 i - a scroll of amnesia {unknown}
 j - a scroll of silence {unknown}
 m - a scroll of identify {unknown}
Potions
 c - 2 potions of invisibility
 d - a potion of might {unknown}
 e - a potion of curing {unknown}
 h - a potion of mutation {unknown}


   Skills:
 + Level 1.1 Short Blades
 - Level 1.5 Dodging
 * Level 4.1 Stealth
 * Level 2.6 Spellcasting
 * Level 3.3 Hexes


You had 2 spell levels left.
You knew the following spells:

 Your Spells              Type           Power      Damage    Failure   Level
b - Ensorcelled Hibernat  Hex/Ice        16%        N/A       14%         2
c - Confusing Touch       Hex            13%        N/A       14%         3

Your spell library contained the following spells:

 Spells                   Type           Power      Damage    Failure   Level
 Tukima's Dance           Hex            13%        N/A       14%         3
 Dazzling Flash           Conj/Hex       16%        N/A       26%         3


Dungeon Overview and Level Annotations

Branches:
Dungeon (2/15)

Altars:


Innate Abilities, Weirdness & Mutations

You have extremely sharp teeth.
Your natural rate of healing is unusually fast.
When hurt, damage is shared between your health and your magic reserves.
Your bite disrupts and absorbs the magic of your enemies.
Potions cannot restore your health.


Message History

HP restored.
You finish memorising.
Spell assigned to 'a'.
Adjust (i)tems, (s)pells, or (a)bilities?
Adjust which spell? a - Confusing Touch Adjust to which letter? c - Confusing Touch An adder and a rat come into view.
There are monsters nearby!
An adder comes into view.
The adder hisses angrily.
The rat squeaks loudly.
The adder hisses angrily.
You hear an angry hiss.
Found a dazzling dagger.
The adder barely misses you.
An adder comes into view.
You completely miss the adder. The adder bites you.
You are poisoned.
The adder poisons you! The rat misses you. The adder bites you.
The adder closely misses you.
You barely miss the adder. You bite the adder. You drain its power.
You feel invigorated.
The adder is moderately wounded.
You feel sick. The adder bites you. The rat bites you.
The adder bites you but does no damage.
You are too injured to fight recklessly!
Unknown command.
You feel sick. The adder bites you.
The rat twitches its whiskers.
The rat closely misses you.
You feel sick. The adder attacks as it pursues you! The adder bites you.
* * * LOW HITPOINT WARNING * * *
The adder closely misses you.
You feel sick. The adder bites you.
* * * LOW HITPOINT WARNING * * *
Cast which spell? (? or * to list)
You don't have enough magic to cast this spell.
Okay, then.
You hit the adder.
The adder is severely wounded.
You feel sick. The adder bites you.
You die...

.. #####.#
#.....#
#.....#
#.....# #
###.....### #.
#.#.......#
####
#.##.#S....#)#
)..#
#.#.@SS....#
.#.#
##....#r#.###
.#.#
#...†........
.#.#
#.##)†#.####.
†#.# #.##†.#.#
# .#.#
#.......# .#.#
#.##..### .#.#
#.##..# .#.#
##.##..#


You could see 3 adders and a rat.

Vanquished Creatures
  4 ball pythons
  A bat (D:1)
  3 endoplasms (D:1)
  A goblin (D:1)
  4 hobgoblins (D:1)
  4 kobolds
  2 quokkas
  2 frilled lizards (D:2)
  A rat (D:1)
22 creatures vanquished.

Notes
Turn   | Place    | Note
-------+----------+-------------------------------------------
     0 | D:1      | mopl the Vine Stalker Enchanter began the quest for the
                  | Orb.
     0 | D:1      | Reached XP level 1. HP: 9/9 MP: 4/4
   109 | D:1      | Reached skill level 1 in Short Blades
   124 | D:1      | Reached XP level 2. HP: 13/13 MP: 4/6
   127 | D:1      | Learned a level 2 spell: Ensorcelled Hibernation
   248 | D:1      | Reached skill level 4 in Stealth
   596 | D:2      | Reached XP level 3. HP: 16/16 MP: 5/7
   612 | D:2      | Learned a level 3 spell: Confusing Touch
   622 | D:2      | Slain by an adder

Illustrated notes

Levels and vault maps discovered:
D:1:      lemuel_arrival_cross, layout_rooms
D:2:      layout_loops_ring, minmay_crystal_room, kennysheep_cross_bottleneck,
          uniq_natasha, uniq_terence, uniq_crazy_yiuf_cottage

Skill      XL: |  1  2 |
---------------+-------+-----
Short Blades   | 1 |  1.1
Stealth        | 4 |  4.1
Dodging        | |  1.5
Spellcasting   | |  2.6
Hexes          | |  3.3

Action                     || total
---------------------------++-------
  Melee: Dagger            ||    75
         Bite              ||    16
   Stab: Sleeping          ||     2
 Armour: Robe              ||    35
  Dodge: Dodged            ||    47

Table legend: (Time is in decaauts)
 A = Elapsed time spent in this place.
 B = Non-inter-level travel time spent in this place.
 C = Inter-level travel time spent in this place.
 D = Time resting spent in this place.
 E = Time spent auto-exploring this place.
 F = Levels seen in this place.
 G = Mean time per level.
                   A        B        C        D        E       F      G
               +--------+--------+--------+--------+--------+-----+--------+
         Total |    616 |    588 |     28 |      0 |    421 |   2 |  308.0 |
       Dungeon |    616 |    588 |     28 |      0 |    421 |   2 |  308.0 |
               +--------+--------+--------+--------+--------+-----+--------+

Top non-repeatable levels by time:
     D:1: 527 daAuts
     D:2: 89 daAuts
